 Dungeon Crawl Stone Soup version 0.18.1-48-g4cf74bf (webtiles) character file.

251 tyranidshit the Skirmisher (level 5, 0/52 HPs)
             Began as a Deep Dwarf Necromancer on July 22, 2016.
             Slain by Grinder (3 damage)
             ... on level 3 of the Dungeon.
             The game lasted 00:07:19 (2457 turns).

tyranidshit the Skirmisher (Deep Dwarf Necromancer) Turns: 2457, Time: 00:07:19

Health: 0/52       AC:  7    Str: 13    XL:     5   Next: 88%
Magic:  4/4        EV:  8    Int: 15    God:
Gold:   63         SH:  7    Dex: 13    Spells: 1 memorised, 6 levels left

rFire  . . .     SeeInvis .     o - +0 war axe
rCold  . . .     Gourm    .     f - +0 ring mail
rNeg   . . .     Faith    .     h - +0 shield
rPois  +         Spirit   .     (no helmet)
rElec  .         Dismiss  .     k - +1 cloak
rCorr  .         Reflect  .     (no gloves)
SustAt .         Harm     .     (no boots)
MR     .....                    (no amulet)
Stlth  ..........               j - ring of loudness
                                e - ring of poison resistance

@: non-regenerating, not resistant to hostile enchantments, extremely unstealthy
A: damage resistance, recharge devices, sense surroundings 1, slow regeneration
3
a: Device Recharging


You were on level 3 of the Dungeon.
You were not hungry.

You visited 1 branch of the dungeon, and saw 3 of its levels.
You also visited: Sewer.

You collected 63 gold pieces.

Inventory:

Hand Weapons
 g - a +0 club
 o - a +0 war axe (weapon)
Armour
 f - a +0 ring mail (worn)
 h - a +0 shield (worn)
 k - a +1 cloak (worn)
Jewellery
 e - a ring of poison resistance (left hand)
 j - a ring of loudness (right hand)
Wands
 c - a wand of heal wounds (5/9)
Scrolls
 a - a scroll of identify
Potions
 d - 2 potions of ambrosia
Books
 b - a book of Necromancy

   Spells                             Type                      Level
   a - Pain                           Necromancy                   1
   b - Animate Skeleton               Necromancy                   1
   c - Vampiric Draining              Necromancy                   3
   d - Regeneration                   Charms/Necromancy            3
   e - Animate Dead                   Necromancy                   4
   f - Control Undead                 Necromancy                   4
Comestibles
 i - a meat ration
 n - a bread ration


   Skills:
 + Level 5.2 Fighting
 - Level 2.1 Dodging
 - Level 2.4 Stealth
 - Level 1.7 Spellcasting
 - Level 4.3 Necromancy


You had 6 spell levels left.
You knew the following spells:

 Your Spells              Type           Power        Failure   Level  Hunger
a - Pain                  Necr           ##..         69%         1    ##.....


Dungeon Overview and Level Annotations

Branches:
Dungeon (3/15)

Altars:
Ashenzari
Nemelex Xobeh

Annotations:
D:3 Grinder


Innate Abilities, Weirdness & Mutations

You are resistant to damage.
You can recharge devices by infusing magical energy.
You passively map a small area around you.
You do not regenerate naturally.


Message History

You block Grinder's attack.
You hit Grinder.
Grinder is moderately wounded.
You block Grinder's attack. Grinder hits you!
You writhe in agony.
Your shield prevents you from hitting Grinder.
Grinder is moderately wounded.
You block Grinder's attack. Grinder hits you!
* * * LOW HITPOINT WARNING * * *
You writhe in agony.
You are too injured to fight recklessly!
Evoke which item? (* to show all) (? for menu, Esc to quit)
Okay, then.
Evoke which item? (* to show all) (? for menu, Esc to quit)
Okay, then.
Charge which item? (? for menu, Esc to quit)
Your wand of heal wounds (0/9) glows for a moment and now has 5 charges.
Grinder hits you!
* * * LOW HITPOINT WARNING * * *
You writhe in agony.
You die...

# * ** * #, , .# # ## *
.# ** . #..# ,
######.#####. , ....
##............ ,, , ##.#
* #........# #.# * # ,#
#.####........# #.# ..
,..............# #.# ###
......5@...?..# #.# ## ,
..............# #.#####.
* *
..............###.......
,
#....#........#......##.
,
#.##.#########.......##.
, # # #.......##. * ,
............ * , , *
###......(##. ,
.........##.


You could see Grinder.

Vanquished Creatures
  Purgy (D:3)
  Jessica (D:2)
  6 adders
  A river rat (D:3)
  3 worms (D:2)
  3 giant geckos
  2 giant cockroaches
  9 goblins
  2 hobgoblins (D:2)
  7 jackals (D:1)
  2 ball pythons
  4 bats
  13 giant newts
  9 kobolds
  5 rats
68 creatures vanquished.

Notes
Turn   | Place    | Note
--------------------------------------------------------------
     0 | D:1      | tyranidshit the Deep Dwarf Necromancer began the quest for the Orb.
     0 | D:1      | Reached XP level 1. HP: 15/15 MP: 3/3
   123 | D:1      | Reached skill level 1 in Fighting
   173 | D:1      | Reached XP level 2. HP: 13/25 MP: 4/4
   397 | D:1      | Reached skill level 2 in Fighting
   745 | D:1      | Reached XP level 3. HP: 12/33 MP: 5/5
  1076 | D:2      | Noticed Jessica
  1090 | D:2      | Killed Jessica
  1090 | D:2      | Reached skill level 3 in Fighting
  1090 | D:2      | Reached XP level 4. HP: 34/42 MP: 6/6
  1315 | D:2      | Found a shattered altar of Ashenzari.
  1315 | D:2      | Found a sparkling altar of Nemelex Xobeh.
  1836 | D:2      | Reached skill level 4 in Fighting
  2143 | D:3      | Reached XP level 5. HP: 45/50 MP: 7/7
  2150 | D:3      | Found a glowing drain.
  2159 | Sewer    | Entered a sewer
  2179 | Sewer    | Noticed Purgy
  2218 | Sewer    | HP: 2/51 [Purgy (2)]
  2398 | D:3      | Killed Purgy
  2398 | D:3      | Reached skill level 5 in Fighting
  2440 | D:3      | Noticed Grinder
  2445 | D:3      | Paralysed by Grinder for 5 turns
  2457 | D:3      | Slain by Grinder

Skill      XL: |  1  2  3  4  5 |
---------------+----------------+-----
Fighting       | 1 2 3 4 5 |  5.2
Dodging        | |  2.1
Stealth        | |  2.4
Spellcasting   | |  1.7
Necromancy     | |  4.3

Action                   |  1- 3 |  4- 6 || total
-------------------------+-------+-------++-------
Melee: Unarmed           |    97 |       ||    97
       Club              |   122 |    18 ||   140
       War axe           |       |   239 ||   239
 Cast: Pain              |    18 |       ||    18
 Abil: Device Recharging |       |     3 ||     3
Evoke: Wand              |     2 |    10 ||    12
  Use: Potion            |     3 |     2 ||     5
       Scroll            |     1 |     3 ||     4
 Stab: Distracted        |     1 |       ||     1
       Sleeping          |       |     2 ||     2
  Eat: Bread ration      |     1 |     1 ||     2
Armor: Ring mail         |   196 |   322 ||   518
       Robe              |     1 |       ||     1
Dodge: Dodged            |   216 |   212 ||   428
Block: Shield            |    66 |   243 ||   309
